 Dungeon Crawl Stone Soup version 0.17-a0-430-g8a98999 (webtiles) character file.

28 Pikaro the Sneak (level 3, -1/16 HPs)
             Began as a Spriggan Enchanter on Apr 4, 2015.
             Slain by an adder (4 damage)
             ... on level 2 of the Dungeon.
             The game lasted 00:02:13 (1670 turns).

Pikaro the Sneak (Spriggan Enchanter)               Turns: 1670, Time: 00:02:14

Health: -1/16      AC:  3    Str:  4    XL:     3   Next: 0%
Magic:  1/6        EV: 18    Int: 16    God:
Gold:   77         SH:  0    Dex: 17    Spells: 1 memorised, 6 levels left

rFire  . . .     SeeInvis +     a - +1 dagger
rCold  . . .     Clarity  .     b - +1 robe
rNeg   . . .     SustAb   .     (shield restricted)
rPois  .         Gourm    .     (helmet restricted)
rElec  .         Spirit   .     (no cloak)
rCorr  .         Warding  .     (gloves unavailable)
rMut   .         Stasis   .     (boots unavailable)
MR     +....                    (no amulet)
Stlth  +++.......               (no ring)
                                (no ring)

@: lethally poisoned (-1 -> -6), very slightly contaminated, very quick,
somewhat resistant to hostile enchantments, fairly stealthy
A: unfitting armour, see invisible, herbivore 3, speed 3, magic resistance 1,
slow metabolism 2
a: no special abilities


You were on level 2 of the Dungeon.
You were not hungry.

You visited 1 branch of the dungeon, and saw 2 of its levels.

You collected 77 gold pieces.

Inventory:

Hand weapons
 a - a +1 dagger (weapon)
Armour
 b - a +1 robe (worn)
 k - a +0 buckler
   (You found it on level 2 of the Dungeon)
Scrolls
 g - a scroll of identify {unknown}
 h - 2 scrolls of recharging {unknown}
 j - a scroll of fog {unknown}
 l - a scroll of teleportation {unknown}
Potions
 e - a potion of cancellation {unknown}
 m - a potion of magic {unknown}
Books
 c - a book of Maledictions
Comestibles
 d - 2 bread rations
 i - 5 fruits


   Skills:
 + Level 3.1 Short Blades
 - Level 3.0 Dodging
 - Level 4.4 Stealth
 + Level 0.3 Shields
 - Level 2.6 Spellcasting
 - Level 3.6 Hexes


You had 6 spell levels left.
You knew the following spells:

 Your Spells              Type           Power        Failure   Level  Hunger
A - Corona                Hex            ##.....      6%          1    #......


Dungeon Overview and Level Annotations

Branches:
Dungeon (2/15)

Altars:


Innate Abilities, Weirdness & Mutations

You are tiny and cannot use many weapons and most armour.
You have supernaturally acute eyesight.
You are a herbivore.
You cover ground extremely quickly.
You need consume almost no food.
You are resistant to hostile enchantments.


Message History

You barely miss the worm. You barely miss the worm. The worm barely misses you.
You hit the worm. You hit the worm. The worm completely misses you.
You barely miss the worm. You hit the worm. The worm bites you!
Ouch! That really hurt!
You take 9 damage, and have 4/13 hp.
MASSIVE DAMAGE!!
HP at 30%!
You start resting.
Total turns waited: 12 You start resting.
Total turns waited: 20 You see here a giant gecko corpse.
There is a stone staircase leading up here.
You start resting.
Health restored: 13; Total turns waited: 160
Aim: a worm (hasn't noticed you, chance 58%)
The worm is outlined in light.
You now have 4/5 mp.
Okay, then.
You hit the worm. You hit the worm. The worm closely misses you.
You hit the worm. The worm completely misses you.
You hit the worm. You hit the worm.
The worm stops glowing.
The worm misses you.
You hit the worm but do no damage. You hit the worm.
The worm barely misses you.
You hit the worm. You barely miss the worm. The worm barely misses you.
You hit the worm.
MP restored: 5 You hit the worm.
You kill the worm!
You have reached level 3!
Your experience leads to an increase in your attributes!
Increase (S)trength, (I)ntelligence, or (D)exterity?
You feel agile.
Health restored: 16; MP restored: 6 You see here a worm corpse.
l - a scroll labeled JUNKIW FUOTI You see here 17 sling bullets.
You now have 65 gold pieces (gained 17).
You now have 77 gold pieces (gained 12).
m - a white potion A kobold comes into view.
It is wielding a dagger.
There is a stone staircase leading up here.
The kobold shouts!
An adder comes into view.
The kobold throws a stone.
The stone closely misses you.
The kobold throws a stone.
The stone completely misses you.
You see here a stone.
You hit the adder. The adder barely misses you.
The kobold throws a stone.
The stone misses you.
You hit the adder. The adder bites you.
The kobold throws a stone.
The stone misses you.
You take 5 damage, and have 11/16 hp.
MASSIVE DAMAGE!!
You miss the adder. The adder misses you.
You hit the adder. The adder misses you.
The kobold hits you but does no damage.
You closely miss the adder. The adder closely misses you.
The adder bites you but does no damage. The kobold closely misses you.
You closely miss the adder. The adder bites you.
You take 3 damage, and have 8/16 hp.
HP at 50%!
Aim: an adder (heavily wounded, chance 58%)
You miscast Corona.
You are very lightly contaminated with residual magic.
Your skin tingles.
The kobold misses you. The adder closely misses you.
You now have 5/6 mp.
Aim: an adder (heavily wounded, chance 58%)
The adder struggles to resist.
The kobold hits you but does no damage. The adder barely misses you.
You now have 4/6 mp.
Aim: an adder (heavily wounded, chance 58%)
The adder struggles to resist.
The adder barely misses you. The kobold hits you with a dagger.
The adder barely misses you.
You take 1 damage, and have 7/16 hp.
You now have 3/6 mp.
Aim: an adder (heavily wounded, chance 58%)
The adder struggles to resist.
The kobold completely misses you. The adder completely misses you.
You now have 2/6 mp.
Aim: an adder (heavily wounded, chance 58%)
The adder is outlined in light.
The kobold closely misses you. The adder bites you.
You are lethally poisoned!
The adder poisons you!
You take 2 damage, and have 5/16 hp.
You now have 1/6 mp.
Wield which item (- for none, * to show all)? (? for menu, Esc to quit)
Okay, then.
Drink which item? (? for menu, Esc to quit)
It was a potion of beneficial mutation.
You feel resistant to hostile enchantments.
You feel fantastic!
* * * LOW HITPOINT WARNING * * *
You feel sick. The adder barely misses you. The kobold hits you with a dagger.
* * * LOW HITPOINT WARNING * * *
The adder bites you.
You die...

. #. #.######
#......#
#......#
#......#
#......###
#.#####.KS...[.#
........@......+
#.#.###.((..(..#
#.#+#...!# #.
#.# ...# #.###.#
### #....<#
#.###(# #.....#
. #.....#


You could see an adder and a kobold.

Vanquished Creatures
  A worm (D:2)
  2 giant geckos
  An ooze (D:1)
  2 giant cockroaches (D:1)
  2 goblins
  2 hobgoblins (D:1)
  3 bats (D:1)
  A giant newt (D:1)
  2 kobolds
  4 rats (D:1)
20 creatures vanquished.

Notes
Turn   | Place    | Note
--------------------------------------------------------------
     0 | D:1      | Pikaro, the Spriggan Enchanter, began the quest for the Orb.
     0 | D:1      | Reached XP level 1. HP: 9/9 MP: 4/4
   205 | D:1      | Reached skill level 2 in Short Blades
   397 | D:1      | Reached XP level 2. HP: 13/13 MP: 5/5
  1238 | D:2      | Reached skill level 3 in Short Blades
  1604 | D:2      | Reached XP level 3. HP: 16/16 MP: 6/6
  1670 | D:2      | Gained mutation: You are resistant to hostile enchantments. [potion of beneficial mutation]
  1670 | D:2      | HP: 4/16 [poisoned by an adder]
  1670 | D:2      | Slain by an adder

Action                   || total
-------------------------++-------
Melee: Dagger            ||    89
 Cast: Corona            ||     5
  Use: Potion            ||     1
 Stab: Sleeping          ||     6

Vault maps used:
D:1:      dpeg_arrival_sounds_drone, corexii_leaking_fountain, hex_tiny,
          serial_bayou_pond_d, grunt_decor_arrowhead

Table legend:
 A = Turns spent in this place as a percentage of turns spent in the entire game.
 B = Non-inter-level travel turns spent in this place as a percentage of non-inter-level travel turns spent in the entire game.
 C = Inter-level travel turns spent in this place as a percentage of turns spent in this place.
 D = Turns resting spent in this place as a percentage of non-inter-level travel turns spent in this place.
 E = Turns spent auto-exploring this place as a percentage of non-inter-level travel turns spent in this place.
 F = Non-inter-level travel turns spent in this place divided by the number of levels of this place that you've seen.
                   A       B       C       D       E      F
               +-------+-------+-------+-------+-------+----------------------
         Total | 100.0 | 100.0 |   0.3 |   5.2 |   8.9 | 174.0
       Dungeon | 100.0 | 100.0 |   0.3 |   5.2 |   8.9 | 174.0
               +-------+-------+-------+-------+-------+----------------------

Table legend:
 A = Kills in this place as a percentage of kills in entire the game.
 B = Kills by you in this place as a percentage of kills by you in the entire game.
 C = Kills by friends in this place as a percentage of kills by friends in the entire game.
 D = Other kills in this place as a percentage of other kills in the entire game.
 E = Experience gained in this place as a percentage of experience gained in the entire game.
 F = Experience gained in this place divided by the number of levels of this place that you have seen.
                   A       B       C       D       E      F
               +-------+-------+-------+-------+-------+----------------------
         Total | 100.0 | 100.0 |  -nan |  -nan | 100.0 |  20.5
       Dungeon | 100.0 | 100.0 |  -nan |  -nan | 100.0 |  20.5
               +-------+-------+-------+-------+-------+----------------------
